 Dungeon Crawl Stone Soup version 0.32-a0-712-g515539a (webtiles) character file.

Game seed: 7257817436079583624

835 PidgeyThePirate the Shooter (level 7, -6/55 HPs)
             Began as a Coglin Hunter on Mar 15, 2024.
             Was a Follower of Okawaru.
             Mangled by an ogre
             ... wielding a +0 giant spiked club
              (26 damage)
             ... on level 5 of the Dungeon.
             The game lasted 00:06:31 (3464 turns).

PidgeyThePirate the Shooter (Coglin Hunter)         Turns: 3464, Time: 00:06:31

Health: -6/55      AC:  6    Str: 12 (13) XL:     7   Next: 98%
Magic:  7/7        EV: 10    Int:  6 (9)  God:    Okawaru [*.....]
Gold:   213        SH:  0    Dex: 15 (17) Spells: 6/6 levels left

rFire   . . .        a - +2 sling (elec) {Daeho}
rCold   . . .        d - +0 sling {Gaius}
rNeg    . . .        f - +0 ring mail
rPois   .            r - +0 helmet
rElec   .            (no cloak)
rCorr   .            (no gloves)
SInv    .            (no boots)
Will    .....        (amulet unavailable)
Stlth   +            (ring unavailable)
HPRegen 0.29/turn    (ring unavailable)
MPRegen 0.10/turn    (no gizmo)

%: no passive effects
@: about to teleport, revving
A: off-hand wielding, slow wielding, warmup strikes, no jewellery
a: Invent Gizmo, Renounce Religion, Heroism


You were on level 5 of the Dungeon.
You worshipped Okawaru.
Okawaru was aware of your devotion.
You visited 2 branches of the dungeon, and saw 6 of its levels.

You collected 213 gold pieces.

Inventory:

Hand Weapons
 a - a +2 sling of electrocution (weapon) {Daeho}
 d - a +0 sling (offhand) {Gaius}
Missiles
 v - a throwing net
Armour
 c - a +0 leather armour
 f - a +0 ring mail (worn)
 r - a +0 helmet (worn)
Wands
 k - a wand of mindburst (10)
 u - a wand of flame (2)
Scrolls
 b - a scroll of butterflies
 g - 4 scrolls of identify
 j - a scroll of noise
Potions
 e - a potion of lignification {unknown}
 h - 2 potions of degeneration
 l - a potion of curing
 n - a potion of berserk rage {unknown}
 o - a potion of cancellation {unknown}
 q - a potion of attraction {unknown}
 s - a potion of enlightenment {unknown}
 t - a potion of heal wounds {unknown}
 w - a potion of ambrosia {unknown}


   Skills:
 + Level 4.4 Fighting
 + Level 7.6 Ranged Weapons
 + Level 1.7 Armour
 + Level 2.0 Dodging
 + Level 0.7 Stealth


You had 6 spell levels left.
You didn't know any spells.
Your spell library contained the following spells:

 Spells                   Type           Power      Damage    Failure   Level
 Freeze                   Ice            0%         1d3       73%         1
 Ensorcelled Hibernation  Hex/Ice        0%         N/A       86%         2
 Frozen Ramparts          Ice            0%         1d1       97%         3
 Hailstorm                Conj/Ice       0%         3d5       97%         3
 Passwall                 Erth           0%         N/A       97%         3
 Swiftness                Air            0%         N/A       97%         3


Dungeon Overview and Level Annotations

Branches:
Dungeon (5/15)             Temple (1/1) D:4

Altars:
Cheibriados
Dithmenos
Elyvilon
Gozag
Hepliaklqana
Kikubaaqudgha
Makhleb
Nemelex Xobeh
Okawaru
Qazlal
Ru
Trog
Uskayaw
Vehumet
Wu Jian
Xom
Yredelemnul
The Shining One


Innate Abilities, Weirdness & Mutations

You can wield a second weapon in your off-hand.
It takes a long time for you to wield or remove held weapons.
Your first few attacks do less damage.
You cannot equip rings or amulets.


Message History

An ogre comes into view. It is wielding a +0 giant spiked club.
The hound barely misses you.
There are monsters nearby!
You shoot a sling bullet. The sling bullet hits the hound.
The hound is heavily wounded.
You shoot a sling bullet. The sling bullet hits the hound.
The hound is heavily wounded.
The hound bites you. The hound barely misses you.
As you read the scroll labelled CARHEE DIETEMP, it crumbles to dust.
It is a scroll of identify.
j - a scroll of noise The hound bites you.
The hound barely misses you. x2
As you read the scroll labelled UNIVUO IFFI, it crumbles to dust.
You feel aware of your surroundings.
It was a scroll of revelation.
A phantom comes into view.
The hound closely misses you. The hound misses you. The ogre barely misses you.
The hound completely misses you.
Found six items.
As you read the scroll labelled USAINUAW DACOF, it crumbles to dust.
It is a scroll of brand weapon.
Your +2 sling {Daeho} crackles with electricity.
a - a +2 sling of electrocution (weapon)
{Daeho} The hound bites you. x2; The hound closely misses you.
The ogre hits you with a +0 giant spiked club!
As you read the scroll labelled YDAESY YSE, it crumbles to dust.
You feel strangely unstable.
It was a scroll of teleportation.
The hound bites you. The hound bites you but does no damage.
The hound bites you.
It was a potion of degeneration.
There was something very wrong with that liquid.
You feel weakened.
You feel dopey.
You feel clumsy. The hound bites you but does no damage.
The ogre hits you with a +0 giant spiked club!!
* * * LOW HITPOINT WARNING * * *
The hound bites you but does no damage. The hound bites you.
* * * LOW HITPOINT WARNING * * *
It was a potion of curing.
You feel better. The hound closely misses you. The hound bites you.
The ogre hits you with a +0 giant spiked club!!
You die...

#.......##.......#,*
#####.......####......,*
#####.†.....###*####.#**
###>........##.,,* *.#,,
###.........##%,,* *,*,*
###...########.,,* *,*,*
###...########.,,* *,*,,
#####...########),,* *,***
* #.......O@h#.....,,* *,*
* #......###h.[....,** *,*
* #........##....!.,* *,*
* #....#...!#......,*
*,*** *
#....#....#[.....,****,*,,
*
#....##)..####...,**,,,*,*
*
#.....####...##..,**,***,*
* #####..W$#....#.#,**,*
*,* *
**,,,*,,,,*,*,**,***,*


You could see an ogre and 2 hounds.

Vanquished Creatures
  A black bear (D:4)
  3 ogres
  A scorpion (D:2)
  2 orc priests
  A hound (D:5)
  2 iguanas (D:5)
  A sleepcap (D:4)
  Robin (D:2)
  A gnoll (D:5)
  9 adders
  3 ufetubi (D:5)
  3 ribbon worms
  3 dart slugs
  6 orcs
  14 endoplasms
  2 giant cockroaches
  10 hobgoblins
  2 jackals (D:1)
  2 quokkas
  14 ball pythons
  12 bats
  4 frilled lizards
  21 goblins
  5 kobolds
  8 rats
131 creatures vanquished.

Notes
Turn   | Place    | Note
-------+----------+-------------------------------------------
     0 | D:1      | PidgeyThePirate the Coglin Hunter began the quest for the
                  | Orb.
     0 | D:1      | Reached XP level 1. HP: 16/16 MP: 1/1
   201 | D:1      | Reached XP level 2. HP: 22/22 MP: 2/2
   204 | D:1      | Reached skill level 4 in Ranged Weapons
   298 | D:1      | Reached XP level 3. HP: 27/27 MP: 3/3
   788 | D:2      | Noticed a scorpion
   817 | D:1      | Reached XP level 4. HP: 17/34 MP: 4/4
  1068 | D:2      | Killed a scorpion
  1069 | D:2      | Reached skill level 5 in Ranged Weapons
  1069 | D:2      | Reached XP level 5. HP: 41/41 MP: 5/5
  1168 | D:2      | Noticed Robin
  1175 | D:2      | Killed Robin
  1958 | D:4      | Noticed an ogre
  1963 | D:4      | Killed an ogre
  1964 | D:4      | Reached skill level 6 in Ranged Weapons
  1964 | D:4      | Reached XP level 6. HP: 47/47 MP: 6/6
  2069 | D:4      | Noticed a black bear
  2073 | D:4      | Killed a black bear
  2146 | D:4      | Found a glowing golden altar of the Shining One.
  2318 | D:4      | Found a staircase to the Ecumenical Temple.
  2351 | Temple   | Entered the Ecumenical Temple
  2374 | Temple   | Became a worshipper of Warmaster Okawaru
  2567 | D:4      | Reached XP level 7. HP: 43/53 MP: 7/7
  2798 | D:4      | Reached skill level 7 in Ranged Weapons
  2798 | D:4      | Reached skill level 1 in Armour
  2977 | D:5      | Entered Level 5 of the Dungeon
  3311 | D:5      | Reached * piety under Okawaru
  3464 | D:5      | Mangled by an ogre

Illustrated notes

Levels and vault maps discovered:
D:1:      mrwooster_arrival_statue_3, layout_basic, minmay_misc_feat_square
D:2:      layout_rooms, ebering_dispersal_statue_hall, minmay_guardbox,
          uniq_robin
D:3:      layout_loops_ring
D:4:      minmay_door_path, layout_gridville,
          mainiacjoe_overflow_surrounded_room, temple_hall,
          hangedman_feature_mirror
D:5:      layout_basic, serial_glass, glass_columns_c, glass_columns_a,
          minmay_bent
Temple:   nicolae_temple_bog_church

Skill      XL: |  1  2  3  4  5  6  7 |
---------------+----------------------+-----
Ranged Weapons | 4 5 6 7 |  7.6
Fighting       | 3 4 |  4.4
Armour         | 1 |  1.7
Dodging        | 2 |  2.0
Stealth        | |  0.7

Action                     |  1- 3 |  4- 6 |  7- 9 || total
---------------------------+-------+-------+-------++-------
   Fire: Sling             |   128 |   312 |   146 ||   586
    Use: Scroll            |       |       |     4 ||     4
         Potion            |       |       |     2 ||     2
 Armour: Ring mail         |    26 |    49 |    46 ||   121
  Dodge: Dodged            |    25 |    38 |    37 ||   100

Table legend: (Time is in decaauts)
 A = Elapsed time spent in this place.
 B = Non-inter-level travel time spent in this place.
 C = Inter-level travel time spent in this place.
 D = Time resting spent in this place.
 E = Time spent auto-exploring this place.
 F = Levels seen in this place.
 G = Mean time per level.
                   A        B        C        D        E       F      G
               +--------+--------+--------+--------+--------+-----+--------+
         Total |   3532 |   3362 |    170 |      0 |   2720 |   6 |  588.7 |
       Dungeon |   3486 |   3359 |    127 |      0 |   2720 |   5 |  697.2 |
        Temple |     46 |      3 |     43 |      0 |      0 |   1 |   46.0 |
               +--------+--------+--------+--------+--------+-----+--------+

Top non-repeatable levels by time:
     D:4: 987 daAuts
     D:1: 934 daAuts
     D:3: 570 daAuts
     D:2: 499 daAuts
     D:5: 494 daAuts
  Temple: 46 daAuts
